 Dungeon Crawl Stone Soup version 0.24.0-123-gd5b16e6ec5 (webtiles) character file.

Game seed: 13030594537931764685, levelgen mode: deterministic

2111077 Ichigo the Hoplite (level 26, 292/292 HPs)
             Began as a Deep Dwarf Fighter on Dec 29, 2019.
             Was the Champion of Makhleb.
             Escaped with the Orb
             ... and 3 runes on Dec 30, 2019!
             The game lasted 05:23:09 (45414 turns).

Ichigo the Hoplite (Deep Dwarf Fighter)            Turns: 45414, Time: 05:23:09

Health: 292/292    AC: 38    Str: 33    XL:     26   Next: 80%
Magic:  2/2        EV: 23    Int: 18    God:    Makhleb [******]
Gold:   3857       SH: 38    Dex: 26    Spells: 22/25 levels left

rFire    + + .     SeeInvis .   S - +9 broad axe (freeze)
rCold    + . .     Gourm    .   Z - +7 large shield {AC+3}
rNeg     + . .     Faith    .   o - +3 plate armour {MR+}
rPois    .         Spirit   .   E - +0 helmet of Failure {*Drain Int+6 Dex+4}
rElec    +         Reflect  +   y - +2 cloak
rCorr    .         Harm     .   p - +3 pair of gauntlets of War {Slay+5}
MR       ++++.     Rnd*Tele +   W - +0 pair of boots
Stlth    ..........             w - amulet "Daumeerr" {Reflect rC+ SH+3}
HPRegen  0.00/turn              F - ring of Baroseh {rElec rF+ AC+1}
MPRegen  0.08/turn              h - ring of the Several Wonders {*Drain EV+2 Str+6 Dex+8}

@: non-regenerating
A: damage resistance, heal wounds, fangs 1, rugged brown scales 2, fire
resistance 1, high mp 1, negative energy resistance 1, sense surroundings 3,
teleportitis 1, subdued magic 1, no regeneration
0: Orb of Zot
}: 3/15 runes: decaying, silver, gossamer
a: Heal Wounds, Minor Destruction, Lesser Servant of Makhleb, Major Destruction,
Greater Servant of Makhleb, Renounce Religion


You escaped.
You worshipped Makhleb.
Makhleb was exalted by your worship.
You were not hungry.

You visited 10 branches of the dungeon, and saw 50 of its levels.
You visited the Abyss 1 time.
You also visited: Trove and Desolation.

You collected 7671 gold pieces.
You spent 3814 gold pieces at shops.

Inventory:

Hand Weapons
 s - a +2 broad axe of flaming
 D - the +1 flail "Pouqoeph" {speed, Str+7 Dex+4}
   (You found it in the Desolation of Salt)

   Attacks with this weapon are significantly faster.
   It affects your strength (+7).
   It affects your dexterity (+4).
 S - a +9 broad axe of freezing (weapon)
Armour
 o - a +3 plate armour of magic resistance (worn)
 p - the +3 pair of gauntlets of War (worn) {Slay+5}
   (You acquired it on level 2 of the Spider Nest)

   It affects your accuracy and damage with ranged weapons and melee attacks
   (+5).
 y - a +2 cloak (worn)
 E - the +0 helmet of Failure (worn) {*Drain Int+6 Dex+4}
   (You bought it in a shop on level 5 of the Vaults)

   It affects your intelligence (+6).
   It affects your dexterity (+4).
   It causes draining when unequipped.
 W - a +0 pair of boots (worn)
 Z - a +7 large shield of protection (worn)
Jewellery
 g - the ring "Xuav" {Ice MR+ Str+3 Dex+2}
   (You took it off a deep elf demonologist on level 3 of the Elven Halls)

   [ring of ice]

   It enhances your ice magic.
   It affects your strength (+3).
   It affects your dexterity (+2).
   It makes you vulnerable to fire.
   It protects you from cold.
   It affects your resistance to hostile enchantments.
 h - the ring of the Several Wonders (right hand) {*Drain EV+2 Str+6 Dex+8}
   (You found it in the Desolation of Salt)

   [ring of evasion]

   It affects your evasion (+2).
   It affects your strength (+6).
   It affects your dexterity (+8).
   It causes draining when unequipped.
 q - a ring of the Octopus King {AC+1 EV+1 Str+1 Int+1 Dex+1 SInv}
   (You took it off a deep elf blademaster on level 3 of the Elven Halls)

   [ring of see invisible]

   It affects your AC (+1).
   It affects your evasion (+1).
   It affects your strength (+1).
   It affects your intelligence (+1).
   It affects your dexterity (+1).
   It lets you see invisible.
 w - the amulet "Daumeerr" (around neck) {Reflect rC+ SH+3}
   (You found it in a treasure trove)

   [amulet of reflection]

   It shields you and reflects attacks.
   It protects you from cold.
   It affects your SH (+3).
 F - the ring of Baroseh (left hand) {rElec rF+ AC+1}
   (You bought it in a shop on level 2 of the Orcish Mines)

   [ring of protection]

   It affects your AC (+1).
   It protects you from fire.
   It insulates you from electricity.
 H - the ring of Ijassar {rN+ EV+4 Stlth+}
   (You found it in a treasure trove)

   [ring of evasion]

   It affects your evasion (+4).
   It protects you from negative energy.
   It makes you more stealthy.
 T - the ring of Iti Egel {rPois rF+ Str+3}
   (You bought it in a shop on level 2 of the Orcish Mines)

   [ring of strength]

   It affects your strength (+3).
   It protects you from fire.
   It protects you from poison.
Wands
 a - a wand of flame (85)
 c - a wand of polymorph (26)
 n - a wand of random effects (45)
 M - a wand of digging (25)
Scrolls
 b - 14 scrolls of remove curse
 e - 12 scrolls of teleportation
 i - 14 scrolls of fog
 j - a scroll of enchant weapon
 l - 9 scrolls of identify
 t - 5 scrolls of immolation
 x - 4 scrolls of fear
 I - 4 scrolls of holy word
 K - 4 scrolls of silence
 X - 4 scrolls of blinking
Potions
 d - a potion of might
 m - 4 potions of cancellation
 u - a potion of magic
 v - 2 potions of agility
 z - 12 potions of lignification
 A - 8 potions of flight
 C - 13 potions of curing
 L - 5 potions of ambrosia
 N - 2 potions of haste
 Q - 2 potions of invisibility
 V - 5 potions of brilliance
 Y - a potion of berserk rage
Miscellaneous
 G - a fan of gales
Comestibles
 f - 60 rations


   Skills:
 + Level 24.5 Fighting
 - Level 19.8(21.6) Axes
 + Level 14.9(18.5) Maces & Flails
 + Level 17.0 Armour
 + Level 13.9 Dodging
 + Level 6.6 Stealth
 - Level 25.0 Shields
 + Level 14.4 Invocations
 + Level 2.5 Evocations


You had 22 spell levels left.
You knew the following spells:

 Your Spells              Type           Power        Failure   Level  Hunger
a - Vampiric Draining     Necr           #.........   94%         3    ####...

Your spell library contained the following spells:

 Spells                   Type           Power        Failure   Level  Hunger
 Animate Skeleton         Necr           N/A          63%         1    ##.....
 Apportation              Tloc           #.....       63%         1    ##.....
 Beastly Appendage        Tmut           #.....       63%         1    ##.....
 Confusing Touch          Hex            #.....       63%         1    ##.....
 Corona                   Hex            #......      63%         1    ##.....
 Infusion                 Chrm           #...         63%         1    ##.....
 Pain                     Necr           #...         63%         1    ##.....
 Sandblast                Erth           #.....       63%         1    ##.....
 Summon Butterflies       Summ           #.......     63%         1    ##.....
 Summon Small Mammal      Summ           #...         63%         1    ##.....
 Blink                    Tloc           N/A          77%         2    ###....
 Passwall                 Tmut/Erth      #.......     77%         2    ###....
 Poisonous Vapours        Pois/Air       #.....       77%         2    ###....
 Shroud of Golubria       Chrm/Tloc      #.....       77%         2    ###....
 Slow                     Hex            #.......     77%         2    ###....
 Sticks to Snakes         Tmut           #.......     77%         2    ###....
 Sublimation of Blood     Necr           #.........   77%         2    ###....
 Swiftness                Chrm/Air       #.......     77%         2    ###....
 Conjure Flame            Conj/Fire      #.......     94%         3    ####...
 Gell's Gravitas          Tloc           #.........   94%         3    ####...
 Ignite Poison            Fire/Tmut/Pois #.......     94%         3    ####...
 Inner Flame              Hex/Fire       #.......     94%         3    ####...
 Lesser Beckoning         Tloc           #.........   94%         3    ####...
 Mephitic Cloud           Conj/Pois/Air  #.......     94%         3    ####...
 Portal Projectile        Hex/Tloc       #.....       94%         3    ####...
 Spectral Weapon          Hex/Chrm       #.......     94%         3    ####...
 Spider Form              Tmut/Pois      #.........   94%         3    ####...
 Teleport Other           Tloc           #.......     94%         3    ####...
 Animate Dead             Necr           N/A          100%        4    #####..
 Cause Fear               Hex            #.........   100%        4    #####..
 Force Lance              Conj/Tloc      #.......     100%        4    #####..
 Ice Form                 Ice/Tmut       #.......     100%        4    #####..
 Leda's Liquefaction      Hex/Erth       #.........   100%        4    #####..
 Petrify                  Tmut/Erth      #.......     100%        4    #####..
 Summon Lightning Spire   Summ/Air       #.......     100%        4    #####..
 Alistair's Intoxication  Tmut/Pois      #.......     100%        5    ######.
 Blade Hands              Tmut           #.........   100%        5    ######.
 Bolt of Magma            Conj/Fire/Erth #.........   100%        5    ######.
 Borgnjor's Vile Clutch   Necr/Erth      #.........   100%        5    ######.
 Fireball                 Conj/Fire      #.........   100%        5    ######.
 Irradiate                Conj/Tmut      #.........   100%        5    ######.
 Lee's Rapid Deconstruct  Erth           #.........   100%        5    ######.
 Silence                  Hex/Air        #.........   100%        5    ######.
 Summon Forest            Summ/Tloc      #.........   100%        5    ######.
 Bolt of Fire             Conj/Fire      #.........   100%        6    #######
 Conjure Ball Lightning   Conj/Air       #.........   100%        6    #######
 Darkness                 Hex            #.........   100%        6    #######
 Deflect Missiles         Chrm/Air       #.........   100%        6    #######
 Dispersal                Tloc           #.........   100%        6    #######
 Freezing Cloud           Conj/Ice/Air   #.........   100%        6    #######
 Invisibility             Hex            #.......     100%        6    #######
 Iron Shot                Conj/Erth      #.........   100%        6    #######
 Ozocubu's Refrigeration  Ice            #.........   100%        6    #######
 Poison Arrow             Conj/Pois      #.........   100%        6    #######
 Shadow Creatures         Summ           N/A          100%        6    #######
 Statue Form              Tmut/Erth      #........    100%        6    #######
 Haunt                    Necr/Summ      #.........   100%        7    #######
 Malign Gateway           Summ/Tloc      #.........   100%        7    #######
 Monstrous Menagerie      Summ           #.........   100%        7    #######
 Ring of Flames           Chrm/Fire      #.........   100%        7    #######
 Spellforged Servitor     Conj/Summ      #.........   100%        7    #######
 Summon Greater Demon     Summ           #.........   100%        7    #######
 Borgnjor's Revivificati  Necr           #.........   100%        8    #######
 Chain Lightning          Conj/Air       #.........   100%        8    #######
 Controlled Blink         Tloc           N/A          100%        8    #######
 Death's Door             Chrm/Necr      #.........   100%        8    #######
 Disjunction              Tloc           #.........   100%        8    #######
 Ignition                 Fire           #.........   100%        8    #######
 Infestation              Necr           #.........   100%        8    #######
 Lehudib's Crystal Spear  Conj/Erth      #.........   100%        8    #######
 Necromutation            Tmut/Necr      #.........   100%        8    #######
 Summon Horrible Things   Summ           #.........   100%        8    #######
 Fire Storm               Conj/Fire      #.........   100%        9    #######
 Glaciate                 Conj/Ice       #.........   100%        9    #######
 Shatter                  Erth           #.........   100%        9    #######
 Tornado                  Air            #.........   100%        9    #######
 Regeneration             Chrm/Necr      Unusable     N/A         3    N/A
 Passage of Golubria      Tloc           Unusable     N/A         4    N/A

Dungeon Overview and Level Annotations

Branches:
Dungeon (15/15)            Temple (1/1) D:4            Lair (6/6) D:10
  Swamp (4/4) Lair:4       Spider (4/4) Lair:4        Slime (0/5) Lair:6
    Orc (2/2) D:10            Elf (3/3) Orc:2        Vaults (5/5) D:13
  Crypt (0/3) Vaults:3     Depths (5/5) D:15            Zot (5/5) Depths:5
Desolation (visited)

Altars:
Ashenzari
Cheibriados
Dithmenos
Elyvilon
Fedhas
Gozag
Hepliaklqana
Kikubaaqudgha
Makhleb
Nemelex Xobeh
Okawaru
Qazlal
Ru
Sif Muna
Trog
Uskayaw
Vehumet
Wu Jian
Xom
Yredelemnul
Zin
The Shining One
Beogh
Jiyva

Shops:
D:12 *   Orc:2 *=[(   Elf:1 !?***   Elf:2 :   Elf:3 !   Vaults:1 }
Vaults:5 [?[?

Portals:
Hell: Depths:2 Depths:3
Pandemonium: Depths:3
Ziggurat: Depths:4

Annotations:
D:10 3 runed translucent doors, Sds's ghost, novice GrEE


Innate Abilities, Weirdness & Mutations

You are resistant to damage.
You can heal yourself by infusing magical energy.
You resist negative energy. (rN+)
You passively map a large area around you.
You do not regenerate.
You have very sharp teeth.
You are mostly covered in rugged brown scales. (AC +2, +5% HP)
Your flesh is heat resistant. (rF+)
You have an increased reservoir of magic. (+10% MP)
You are occasionally teleported next to monsters.
Your spells are a little easier to cast, but a little less powerful.


Message History

The Hell Sentinel moves out of view.
There is a stone staircase leading up here.
You climb upwards.
There is a stone staircase leading down here.
(D) Dungeon (T) Temple (L) Lair (S) Swamp (N) Spider Nest (M) Slime Pits (O) Orcish Mines (E) Elven Halls (V) Vaults (C) Crypt (U) Depths (H) Hell (Z) Zot
Where to? (Enter - D:1 @ (x,y), ? - help)
A reaper comes into view. It is wielding a +2 scythe of slicing.
Press: ? - help, v - describe, . - travel A rock wall.
There is a large open door here.
There is a large open door here.
You feel strangely unstable.
You are suddenly yanked towards a nearby monster!
Your surroundings seem slightly different.
There is a large open door here.
There is a staircase leading out of the dungeon here.
You have escaped!

######### #### #.......# ...##
#.#####.# ##..# #########2# #.#
##.# ##....2.##.# #.#### #.##
##.2####..#.# ###..... #..#
##..##@.##...# #...#..#
####.######..###''###..###......#
............##.2....##..........>
####.######.##.§≈≈≈.#########.###
#.# #.##.≈≈§§.# #.......#.. #.#
#2##......# #.#######.# #.##
#..###''### #.....# #.# #..#
##.###..# #####.# #.# ##.##
#...#''# #.# #.#


You could see a reaper.

Vanquished Creatures
  3 orbs of fire (Zot:5)
  2 ancient liches
  A juggernaut (Depths:4)
  Xtahua (Vaults:2)
  7 Killer Klowns
  A curse toe (Zot:4)
  Margery (Vaults:5)
  6 golden dragons
  A pandemonium lord (D:3)
  Jory (Vaults:2)
  A bone dragon (Depths:5)
  5 electric golems
  14 tentacled monstrosities
  Rupert (Lair:3)
  2 liches
  4 titans
  25 Orb Guardians
  9 quicksilver dragons
  6 death cobs
  2 deep elf master archers (Elf:3)
  2 tentacled starspawn (Abyss:3)
  2 deep elf blademasters (Elf:3)
  5 tengu reavers
  2 thorn hunters
  Kirke (Swamp:3)
  9 shadow dragons
  7 sphinxes
  Gastronok (Lair:3)
  Roxanne (Swamp:3)
  6 draconian monks
  15 storm dragons
  The ghost of Juimaw the Severer, an adept FoFi of Okawaru (Depths:5)
  15 vault wardens
  6 fire giants
  6 draconian knights
  Aizul (Swamp:1)
  4 emperor scorpions
  4 deep elf sorcerers
  4 imperial myrmidons (Desolation)
  A corrupter (Depths:1)
  6 frost giants
  An iron dragon (Vaults:5)
  3 orc warlords (Orc:2)
  5 draconian scorchers
  Louise (Swamp:3)
  3 draconian stormcallers
  10 ghost moths
  A ghoul (Vaults:3)
  An angel (Abyss:3)
  2 draconian annihilators
  3 deep elf elementalists
  4 draconian shifters
  4 war gargoyles (Vaults:5)
  A spriggan defender (Depths:4)
  2 entropy weavers
  24 very ugly things
  10 ironheart preservers
  5 deep elf demonologists
  6 black draconians
  18 stone giants
  4 green draconians
  4 yellow draconians
  2 halazid warlocks (Desolation)
  7 white draconians
  3 vampire knights
  6 deep elf annihilators
  2 spark wasps (Spider:4)
  11 purple draconians
  A lorocyproca (Zot:5)
  5 red draconians
  A crystal guardian (Desolation)
  11 deep elf death magi
  A blizzard demon (D:3)
  12 ettins
  7 great orbs of eyes
  5 deep elf high priests
  10 fire dragons
  12 servants of whispers (Desolation)
  14 yaktaur captains
  5 ragged hierophants
  35 vault guards
  2 rakshasas
  5 peacekeepers (Desolation)
  2 hell beasts
  25 hydras
  A juggernaut simulacrum (Depths:3)
  4 shambling mangroves
  A monstrous demonspawn (Depths:1)
  4 spriggan air magi
  2 death knights
  18 alligators
  8 deep troll shamans
  9 ice dragons
  8 centaur warriors
  13 ogre magi
  51 two-headed ogres
  A queen ant (shapeshifter) (Vaults:5)
  7 deep troll earth magi
  8 tengu warriors
  A vampire mage (Depths:4)
  5 death yaks (Lair:6)
  23 dancing weapons
  A sun demon (D:4)
  An orc high priest (Orc:2)
  5 spriggans
  6 spriggan berserkers
  3 skeletal warriors
  A titan skeleton (Depths:3)
  5 hell knights
  Nergalle (Lair:3)
  3 iron trolls
  22 deep elf knights
  2 sixfirhies
  2 shadow wraiths
  A fire crab (Lair:6)
  2 wretched stars (Abyss:3)
  A spriggan druid (Swamp:4)
  23 deep trolls
  3 wizards
  A shadow demon (Depths:1)
  3 glowing orange brains
  An infernal demonspawn (Depths:1)
  A torturous demonspawn (Depths:3)
  A golden dragon skeleton (Depths:3)
  3 phantasmal warriors
  4 flayed ghosts
  15 ironbrand convokers
  17 deep elf archers
  An obsidian statue (Zot:5)
  Pikel (D:8)
  4 necromancers
  12 swamp dragons
  32 wolf spiders
  19 orc knights
  9 harpies
  6 orb spiders
  2 cyclopes
  6 orc sorcerers
  A manticore (D:13)
  39 ugly things
  A shining eye (Abyss:3)
  60 deep elf magi
  11 large abominations
  A salamander (Depths:5)
  15 elephants
  A salamander (shapeshifter) (Vaults:1)
  A worldbinder (Abyss:3)
  A black mamba (shapeshifter) (Vaults:3)
  A guardian serpent (shapeshifter) (Vaults:4)
  28 moths of wrath
  15 vault sentinels
  A centaur zombie (D:12)
  7 guardian serpents (Desolation)
  2 rust devils (Depths:3)
  5 black mambas (Lair:6)
  3 molten gargoyles
  An apocalypse crab (Abyss:3)
  2 torpor snails
  A torpor snail (shapeshifter) (Vaults:1)
  A smoke demon (Abyss:3)
  19 spiny frogs
  A gargoyle (D:8)
  3 efreet (Depths:3)
  A yaktaur (shapeshifter) (Vaults:3)
  A hellion (Abyss:3)
  3 rime drakes
  38 yaktaurs
  A komodo dragon (shapeshifter) (Vaults:4)
  11 komodo dragons
  10 freezing wraiths
  6 demonic crawlers
  5 tengu conjurers
  A tormentor (Abyss:3)
  3 red devils
  7 trolls
  An ancient zyme (Abyss:3)
  19 jumping spiders
  3 meliai (D:14)
  14 tyrant leeches
  5 meliai (shapeshifter)
  2 trolls (shapeshifter)
  22 hornets
  5 polar bears (Lair:2)
  A dream sheep (shapeshifter) (Vaults:5)
  3 raiju (Abyss:3)
  37 slime creatures
  A hornet (shapeshifter) (D:15)
  2 raiju (shapeshifter)
  An alligator zombie (Abyss:3)
  7 bog bodies
  66 saltlings
  14 blink frogs
  A slime creature (shapeshifter) (Vaults:5)
  8 hippogriffs
  4 flying skulls (Abyss:3)
  4 air elementals
  46 redbacks
  2 shadows
  2 fire bats (Depths:2)
  25 tarantellas
  3 ynoxinuls
  4 wraiths
  27 yaks
  3 vampires
  3 water elementals
  A basilisk (shapeshifter) (Depths:2)
  12 wyverns
  A yak (shapeshifter) (Vaults:1)
  A hog (shapeshifter) (Depths:3)
  Grum (D:8)
  5 basilisks
  3 hogs (Swamp:3)
  A neqoxec (Abyss:3)
  A steam dragon (Lair:6)
  13 vampire mosquitoes
  2 fire elementals
  11 wargs
  A chaos spawn (Abyss:3)
  A hungry ghost (D:13)
  A soldier ant (D:13)
  10 swamp worms
  11 insubstantial wisps
  3 acid dragons
  4 hell hounds (Lair:6)
  A floating eye (Depths:2)
  8 porcupines
  17 water moccasins
  12 swamp drakes
  44 orc warriors
  3 black bears (Lair:2)
  2 eyes of draining
  3 ice beasts
  3 sky beasts
  5 small abominations
  3 ettin simulacra (Depths:3)
  43 ogres
  4 phantoms
  A black bear (shapeshifter) (Vaults:1)
  An ogre (shapeshifter) (Depths:1)
  12 boggarts
  A tengu (shapeshifter) (Vaults:3)
  2 wolves (D:8)
  19 centaurs
  14 crocodiles
  An elf simulacrum (Vaults:1)
  A big kobold (shapeshifter) (D:15)
  6 big kobolds
  A bullfrog (shapeshifter) (Vaults:5)
  A gnoll sergeant (D:7)
  2 earth elementals
  13 bullfrogs
  A wyvern zombie (D:10)
  A wyvern skeleton (D:7)
  3 scorpions
  6 killer bees
  11 wights
  An electric eel (Lair:4)
  7 howler monkeys
  4 lava snakes (Lair:6)
  12 crimson imps
  2 quasits (Depths:3)
  2 bullfrog zombies (D:9)
  3 hounds
  5 bullfrog skeletons
  29 orc priests
  A centaur skeleton (D:7)
  6 jellies
  3 iguanas
  2 iron imps
  Natasha (thrice) (D:2)
  41 orc wizards
  11 worker ants
  A hound skeleton (D:9)
  A worker ant zombie (D:7)
  4 gnolls (D:7)
  13 adders
  5 shadow imps
  3 white imps
  2 ufetubi (Depths:3)
  3 worms
  3 adder zombies
  11 leopard geckos
  102 orcs
  A ball python (D:2)
  8 giant cockroaches
  16 hobgoblins
  13 jackals
  24 kobolds
  5 quokkas
  4 bats
  5 frilled lizards
  10 goblins
  2 leopard gecko skeletons
  A quokka skeleton (D:7)
  2 quokka zombies
  10 rats
  5 briar patches (Swamp:1)
  4 crawling corpses
  6 fungi
  3 plants
  3 starspawn tentacles (Abyss:3)
2245 creatures vanquished.

Vanquished Creatures (collateral kills)
  An orb of fire (Zot:5)
  A Killer Klown (Zot:5)
  A storm dragon (Vaults:4)
  A draconian shifter (Zot:5)
  A cacodemon (Abyss:3)
  A white draconian (Zot:5)
  2 deep elf annihilators (Elf:3)
  A deep elf death mage (Elf:3)
  2 vault guards (Vaults:5)
  A great orb of eyes (Abyss:3)
  An orc high priest (Orc:2)
  A deep elf knight (Vaults:5)
  An ironbrand convoker (Vaults:5)
  A deep elf archer (Elf:2)
  2 moths of wrath (Zot:5)
  An orange demon (Abyss:3)
  A troll (Orc:1)
  A flying skull (Abyss:3)
  A redback (Spider:4)
  A tarantella (Spider:4)
  A fire elemental (Elf:2)
  3 orc warriors
  An ogre (Orc:1)
  2 orc priests (Orc:1)
  An orc wizard (Orc:2)
  6 orcs (Orc:1)
37 creatures vanquished.

Vanquished Creatures (others)
  A lich (Vaults:5)
  A stone giant (Depths:4)
  An ironheart preserver (Vaults:5)
  5 yaktaur captains
  A necromancer (Depths:3)
  2 deep elf archers (Vaults:3)
  An ugly thing (Vaults:1)
  A deep elf mage (Depths:3)
  A vault sentinel (Vaults:5)
  A freezing wraith (Vaults:3)
  11 yaktaurs
  A vampire mosquito (Swamp:3)
  An orc warrior (Vaults:5)
  2 slaves (D:8)
  A boggart (Vaults:1)
  A centaur (Depths:3)
  A bullfrog (D:8)
  A crimson imp (D:8)
  An orc wizard (Orc:2)
  An orc (Vaults:5)
  3 fungi
  7 plants
  4 starspawn tentacles (Abyss:3)
50 creatures vanquished.

Grand Total: 2332 creatures vanquished

Notes
Turn   | Place    | Note
-------+----------+-------------------------------------------
     0 | D:1      | Ichigo the Deep Dwarf Fighter began the quest for the Orb.
     0 | D:1      | Reached XP level 1. HP: 20/20 MP: 1/1
   127 | D:1      | Reached XP level 2. HP: 18/27 MP: 2/2
   723 | D:2      | Reached XP level 3. HP: 28/34 MP: 2/2
   843 | D:2      | Noticed Natasha
   849 | D:2      | Killed Natasha
   849 | D:2      | Reached XP level 4. HP: 25/42 MP: 3/3
   851 | D:2      | Reached skill level 4 in Shields
   878 | D:2      | Noticed Natasha
   884 | D:2      | Reached skill level 1 in Dodging
   895 | D:2      | Killed Natasha
   895 | D:2      | Reached XP level 5. HP: 22/49 MP: 4/4
   916 | D:2      | You fall into a shaft and drop 2 floors!
   958 | D:4      | Found a snail-covered altar of Cheibriados.
  1021 | D:4      | Found a blossoming altar of Fedhas.
  1046 | D:4      | Found an iron altar of Okawaru.
  1048 | D:4      | Found an ornate altar of the Wu Jian Council.
  1052 | D:4      | Found a basalt altar of Yredelemnul.
  1150 | D:4      | Reached XP level 6. HP: 38/56 MP: 5/5
  1392 | D:4      | Found a staircase to the Ecumenical Temple.
  1400 | Temple   | Entered the Ecumenical Temple
  1426 | Temple   | Became a worshipper of Makhleb the Destroyer
  1672 | D:3      | Found a hide-covered altar of Uskayaw.
  1673 | D:3      | Noticed a +0 dagger
  1674 | D:3      | Noticed a +0 hand axe
  1691 | D:3      | Reached skill level 5 in Axes
  1966 | D:3      | Reached * piety under Makhleb
  2007 | D:3      | Noticed an ice beast
  2031 | D:3      | Killed an ice beast
  2076 | D:3      | Found a shimmering blue altar of Sif Muna.
  2184 | D:3      | Found a shadowy altar of Dithmenos.
  2442 | D:2      | Found a glowing golden altar of the Shining One.
  2602 | D:2      | Noticed Natasha
  2612 | D:2      | Killed Natasha
  2612 | D:2      | Reached XP level 7. HP: 54/63 MP: 5/5
  2896 | D:5      | Entered Level 5 of the Dungeon
  2974 | D:5      | Reached skill level 5 in Shields
  3418 | D:5      | Found a snail-covered altar of Cheibriados.
  3567 | D:5      | Found a stormy altar of Qazlal.
  3929 | D:6      | Reached XP level 8. HP: 70/72 MP: 6/6
  3957 | D:6      | Reached ** piety under Makhleb
  3971 | D:6      | Reached skill level 5 in Armour
  4041 | D:6      | Reached skill level 1 in Stealth
  4080 | D:6      | Reached skill level 6 in Shields
  4338 | D:6      | Gained mutation: You passively map the area around you.
                  | [Deep Dwarf growth]
  4338 | D:6      | Reached XP level 9. HP: 33/80 MP: 7/7
  4394 | D:6      | Reached skill level 5 in Fighting
  4696 | D:6      | Found a hazy altar of Hepliaklqana.
  4938 | D:6      | Found an ancient bone altar of Kikubaaqudgha.
  5205 | D:7      | Reached *** piety under Makhleb
  5237 | D:7      | Reached skill level 10 in Axes
  5394 | D:7      | Got a heavily runed ring mail
  5414 | D:7      | Identified the cursed +0 ring mail of Ziesurod {rPois MR++
                  | Str+3 Slay-5} (You found it on level 7 of the Dungeon)
  5425 | D:7      | Reached skill level 7 in Shields
  6084 | D:8      | Noticed Pikel
  6097 | D:8      | Killed Pikel
  6097 | D:8      | Reached XP level 10. HP: 91/91 MP: 7/7
  6405 | D:8      | Reached **** piety under Makhleb
  6419 | D:8      | Noticed a gargoyle
  6419 | D:8      | Noticed a centaur warrior
  6419 | D:8      | Noticed a two-headed ogre
  6432 | D:8      | Gained mutation: You are partially covered in rugged brown
                  | scales. (AC +1, +3% HP) [potion of mutation]
  6432 | D:8      | Gained mutation: Your flesh is heat resistant. (rF+)
                  | [potion of mutation]
  6443 | D:8      | Killed a centaur warrior
  6455 | D:8      | Killed a gargoyle
  6455 | D:8      | Reached skill level 8 in Shields
  6464 | D:8      | Killed a two-headed ogre
  6464 | D:8      | Reached skill level 5 in Dodging
  6469 | D:8      | Got a crude plate armour
  6496 | D:8      | Identified the +1 plate armour of the Princess {rF+ Str+2}
                  | (You found it on level 8 of the Dungeon)
  6556 | D:8      | Noticed Grum
  6583 | D:8      | Killed Grum
  6898 | D:8      | Found the +5 scythe "Finisher" {speed, eviscerate}
  7185 | D:9      | Reached skill level 9 in Shields
  7286 | D:9      | Found an opulent altar of Gozag.
  7490 | D:9      | Found a stormy altar of Qazlal.
  7528 | D:9      | Reached skill level 1 in Invocations
  7594 | D:9      | Reached XP level 11. HP: 101/101 MP: 7/7
  8153 | D:10     | Entered Level 10 of the Dungeon
  8262 | D:10     | Found a runed translucent gate.
  8263 | D:10     | Identified the +9 dagger of Dealofuz {pierce, *Rage Int+5}
  8286 | D:10     | Found a runed translucent gate.
  8286 | D:10     | Noticed Sds's ghost (novice GrEE)
  8288 | D:10     | Found a runed translucent gate.
  8289 | D:10     | Identified the +1 battleaxe of the Pyrrhic Victory {freeze,
                  | rElec Int+3}
  8292 | D:10     | Found a transporter.
  8302 | D:10     | Noticed a two-headed ogre
  8302 | D:10     | Found a transporter.
  8305 | D:10     | Noticed an ogre mage
  8314 | D:10     | HP: 1/101 [ogre mage/+0 spear (10)]
  8319 | D:10     | Killed a two-headed ogre
  8341 | D:10     | Killed an ogre mage
  8341 | D:10     | Reached ***** piety under Makhleb
  8438 | D:10     | Found a staircase to the Orcish Mines.
  8632 | D:10     | Found a staircase to the Lair.
  8993 | D:11     | Noticed a red ugly thing
  9013 | D:11     | Killed a red ugly thing
  9123 | D:11     | Reached skill level 5 in Invocations
  9295 | D:11     | Noticed a two-headed ogre
  9310 | D:11     | Killed a two-headed ogre
  9525 | D:11     | Reached XP level 12. HP: 102/112 MP: 11/11
  9838 | D:12     | Noticed a two-headed ogre
  9843 | D:12     | Killed a two-headed ogre
  9907 | D:12     | Reached skill level 10 in Shields
  9990 | D:12     | Found Ytitzom's Blasphemy Boutique.
  9993 | D:12     | Found an ancient bone altar of Kikubaaqudgha.
 10005 | D:12     | Bought a +2 vampiric broad axe for 384 gold pieces
 10768 | D:13     | You fall into a shaft and drop 2 floors!
 10768 | D:15     | Entered Level 15 of the Dungeon
 10795 | D:14     | Noticed a tengu warrior
 10795 | D:14     | Noticed a four-headed hydra
 10919 | D:13     | Noticed a two-headed ogre
 10937 | D:13     | Killed a two-headed ogre
 10937 | D:13     | Reached ****** piety under Makhleb
 11350 | D:13     | Noticed a centaur warrior
 11357 | D:13     | Killed a centaur warrior
 11357 | D:13     | Reached skill level 15 in Axes
 11357 | D:13     | Reached skill level 11 in Shields
 11507 | D:13     | Found a gate to the Vaults.
 11507 | D:13     | Noticed an ironheart preserver
 11552 | D:13     | Killed an ironheart preserver
 11552 | D:13     | Reached XP level 13. HP: 123/123 MP: 12/12
 12160 | Orc:1    | Entered Level 1 of the Orcish Mines
 12729 | Lair:1   | Entered Level 1 of the Lair of Beasts
 14474 | Lair:3   | Found a sparkling altar of Nemelex Xobeh.
 14608 | Lair:3   | Noticed Gastronok
 14634 | Lair:3   | Killed Gastronok
 14697 | Lair:3   | Noticed Nergalle
 14719 | Lair:3   | Killed Nergalle
 14719 | Lair:3   | Reached skill level 12 in Shields
 14843 | Lair:3   | Noticed Rupert
 14884 | Lair:3   | Killed Rupert
 14984 | Lair:3   | Gained mutation: You resist negative energy. (rN+) [Deep
                  | Dwarf growth]
 14984 | Lair:3   | Reached XP level 14. HP: 132/132 MP: 14/14
 15353 | Lair:4   | Found a staircase to the Swamp.
 15537 | Lair:4   | Reached skill level 1 in Maces & Flails
 15673 | Lair:4   | Found a hole to the Spider Nest.
 16857 | Lair:6   | Entered Level 6 of the Lair of Beasts
 17030 | Lair:6   | Found a viscous altar of Jiyva.
 17030 | Lair:6   | Found a staircase to the Slime Pits.
 17075 | Lair:6   | Reached skill level 13 in Shields
 17100 | Lair:6   | Reached skill level 10 in Fighting
 17813 | Lair:6   | Found a large runed translucent door.
 17813 | Lair:6   | Found a large runed translucent door.
 17956 | Lair:6   | Reached XP level 15. HP: 141/142 MP: 15/15
 17979 | Lair:6   | Got a smoking ring mail
 17982 | Lair:6   | Got a slimy morningstar
 17983 | Lair:6   | Identified the cursed +2 morningstar "Faysk" {flame, rN+}
                  | (You found it on level 6 of the Lair of Beasts)
 17997 | Lair:6   | Identified the +1 ring mail of Rionlut {rN++ MR- Stlth+}
                  | (You found it on level 6 of the Lair of Beasts)
 18213 | Spider:1 | Entered Level 1 of the Spider Nest
 19072 | Spider:1 | Reached skill level 14 in Shields
 19252 | Spider:1 | Noticed a ghost moth
 19259 | Spider:1 | Killed a ghost moth
 19523 | Spider:2 | Identified a scroll of acquirement
 19867 | Spider:2 | Found the +3 pair of gauntlets of War {Slay+5}
 19892 | Spider:3 | Reached skill level 10 in Dodging
 20734 | Spider:4 | Entered Level 4 of the Spider Nest
 20763 | Spider:4 | Killed a ghost moth
 20767 | Spider:4 | Noticed a ghost moth
 20773 | Spider:4 | Killed a ghost moth
 20777 | Spider:4 | Reached skill level 15 in Shields
 20788 | Spider:4 | Got a gossamer rune of Zot
 20922 | Spider:4 | Reached XP level 16. HP: 154/154 MP: 0/15
 21156 | Spider:4 | Reached skill level 10 in Armour
 21491 | Orc:2    | Entered Level 2 of the Orcish Mines
 21491 | Orc:2    | Found a staircase to the Elven Halls.
 21796 | Orc:2    | Found a roughly hewn altar of Beogh.
 21877 | Orc:2    | Found Woqiw's General Store.
 21886 | Orc:2    | Found Tomno's Antique Armour Boutique.
 22044 | Orc:2    | Found Cefreyr's Jewellery Boutique.
 22235 | Orc:2    | Found Metease's Antique Weapon Boutique.
 22274 | Orc:2    | Bought a potion of berserk rage for 70 gold pieces
 22294 | Orc:2    | Bought an uncursed amulet of rage for 640 gold pieces
 22294 | Orc:2    | Bought the ring of Baroseh {rElec rF+ AC+1} for 384 gold
                  | pieces
 22294 | Orc:2    | Bought the ring of Iti Egel {rPois rF+ Str+3} for 542 gold
                  | pieces
 22522 | Elf:1    | Entered Level 1 of the Elven Halls
 22786 | Elf:1    | Found Sutaewna's Distillery.
 22815 | Elf:1    | Found Fiunes's Assorted Antiques.
 22818 | Elf:1    | Found Kuwokh's General Store.
 22861 | Elf:1    | Reached skill level 16 in Shields
 23041 | Elf:1    | Found Qavaaxa's General Store.
 23105 | Elf:1    | Found Kiewygg's Magic Scroll Shop.
 23559 | Elf:2    | Found Fuym's Book Shop.
 23642 | Elf:2    | Found a ruined gateway.
 23657 | Desolati | Entered the Desolation of Salt
 23747 | Desolati | Reached XP level 17. HP: 163/163 MP: 15/15
 23980 | Desolati | Identified the Tome of Dislocation
 23984 | Desolati | Got a transparent steel ring
 23985 | Desolati | Identified the Tome of Burning Stones
 23998 | Desolati | Identified the ring of the Several Wonders {*Drain EV+2
                  | Str+6 Dex+8} (You found it in the Desolation of Salt)
 24049 | Desolati | Reached skill level 1 in Evocations
 24268 | Desolati | Identified the Catalogue of Attacks and Snow
 24340 | Desolati | Got a heavily runed ring mail
 24346 | Desolati | Identified the cursed +0 ring mail of Jovaosayst {*Drain
                  | +Blink rC++ rCorr} (You found it in the Desolation of Salt)
 24541 | Desolati | Identified the Disquisition on Lucky Creation
 24546 | Desolati | Got an ancient flail
 24547 | Desolati | Identified the +1 flail "Pouqoeph" {speed, Str+7 Dex+4}
                  | (You found it in the Desolation of Salt)
 24736 | Desolati | Reached skill level 17 in Shields
 25032 | Elf:2    | Found a huge runed translucent gate.
 25032 | Elf:2    | Found a huge runed translucent gate.
 25032 | Elf:2    | Found a huge runed translucent gate.
 25035 | Elf:2    | Found a huge runed translucent gate.
 25036 | Elf:2    | Found a huge runed translucent gate.
 25068 | Elf:2    | Noticed a Tzitzimitl
 25450 | Elf:2    | Found a portal to a secret trove of treasure.
 25748 | Elf:2    | Gained mutation: You passively map a large area around you.
                  | [Deep Dwarf growth]
 25748 | Elf:2    | Reached XP level 18. HP: 156/176 MP: 11/13
 25966 | Elf:3    | Entered Level 3 of the Elven Halls
 26269 | Elf:3    | Found Ror Vyotyr's Distillery.
 26493 | Elf:3    | Reached skill level 10 in Invocations
 26831 | Elf:3    | Cast into level 3 of the Abyss (a deep elf sorcerer)
 26932 | Abyss:3  | Gained mutation: Potions are less effective at restoring
                  | your health. [a cacodemon]
 26932 | Abyss:3  | Gained mutation: You are weak. (Str -2) [a cacodemon]
 27045 | Abyss:3  | Gained mutation: Scrolls take you a little longer to read.
                  | [a neqoxec]
 27215 | Elf:3    | Escaped the Abyss
 27230 | Elf:3    | Noticed a Hell Sentinel
 27238 | Elf:3    | Reached skill level 18 in Shields
 27427 | Elf:3    | Identified a ring of the Octopus King {AC+1 EV+1 Str+1
                  | Int+1 Dex+1 SInv}
 27480 | Elf:3    | Identified the +0 short sword of the Priest {pierce, rElec}
 27483 | Elf:3    | Identified the ring "Xuav" {Ice MR+ Str+3 Dex+2}
 28180 | Vaults:1 | Entered Level 1 of the Vaults
 28448 | Swamp:1  | Entered Level 1 of the Swamp
 28724 | Swamp:1  | Reached XP level 19. HP: 188/188 MP: 10/10
 28766 | Swamp:1  | Lost mutation: Scrolls take you a little longer to read.
                  | [potion of mutation]
 28766 | Swamp:1  | Lost mutation: Potions are less effective at restoring your
                  | health. [potion of mutation]
 28766 | Swamp:1  | Lost mutation: You are weak. (Str -2) [potion of mutation]
 28766 | Swamp:1  | Gained mutation: Your mind is acute. (Int +2) [potion of
                  | mutation]
 28766 | Swamp:1  | Gained mutation: You are mostly covered in rugged brown
                  | scales. (AC +2, +5% HP) [potion of mutation]
 28766 | Swamp:1  | Gained mutation: You have an increased reservoir of magic.
                  | (+10% MP) [potion of mutation]
 28816 | Swamp:1  | Found a sparkling altar of Nemelex Xobeh.
 28823 | Swamp:1  | Noticed Aizul
 28840 | Swamp:1  | Killed Aizul
 28883 | Swamp:2  | Reached skill level 15 in Fighting
 29175 | Swamp:3  | Identified Roxanne's Volume of Clay
 29175 | Swamp:3  | Noticed Roxanne
 29192 | Swamp:3  | Noticed Kirke
 29202 | Swamp:3  | Killed Kirke
 29202 | Swamp:3  | Reached skill level 19 in Shields
 29394 | Swamp:3  | Noticed Louise
 29431 | Swamp:3  | Killed Louise
 29466 | Swamp:3  | Killed Roxanne
 29565 | Swamp:4  | Entered Level 4 of the Swamp
 29595 | Swamp:4  | Reached skill level 5 in Stealth
 29996 | Swamp:4  | Reached skill level 5 in Maces & Flails
 30093 | Swamp:4  | Got a decaying rune of Zot
 30583 | Trove    | Entered a treasure trove
 30627 | Trove    | Got a scorched iron ring
 30629 | Trove    | Identified the ring of Ijassar {rN+ EV+4 Stlth+} (You found
                  | it in a treasure trove)
 30652 | Trove    | Got a scintillating tin amulet
 30655 | Trove    | Got a bound iron amulet
 30657 | Trove    | Identified the amulet of Hospitality {Gourm +Inv Str-5
                  | Slay+5 SInv} (You found it in a treasure trove)
 30658 | Trove    | Identified the amulet "Daumeerr" {Reflect rC+ SH+3} (You
                  | found it in a treasure trove)
 31170 | Elf:1    | Bought a scroll of enchant armour for 90 gold pieces
 31170 | Elf:1    | Bought a scroll of identify for 24 gold pieces
 31170 | Elf:1    | Bought a scroll of enchant armour for 90 gold pieces
 31170 | Elf:1    | Bought a scroll of torment for 90 gold pieces
 31504 | Vaults:1 | Reached skill level 20 in Shields
 31616 | Vaults:1 | Found Qepefia's Gadget Emporium.
 31816 | Vaults:1 | Reached XP level 20. HP: 208/208 MP: 14/14
 33286 | Vaults:2 | Noticed Xtahua
 33305 | Vaults:2 | Killed Xtahua
 33446 | Vaults:2 | Noticed Jory
 33468 | Vaults:2 | Killed Jory
 33740 | Vaults:3 | Reached skill level 21 in Shields
 33936 | Vaults:3 | Got a heavily runed scale mail
 33937 | Vaults:3 | Identified the cursed +0 scale mail of Trog's Fury {rF+}
                  | (You found it on level 3 of the Vaults)
 34606 | Vaults:3 | Reached XP level 21. HP: 222/222 MP: 15/15
 34681 | Vaults:3 | Found a staircase to the Crypt.
 35305 | Vaults:4 | Reached skill level 22 in Shields
 36252 | Vaults:4 | Learned a level 3 spell: Vampiric Draining
 36254 | Vaults:4 | Learned a level 1 spell: Beastly Appendage
 36343 | Vaults:5 | Entered Level 5 of the Vaults
 36434 | Vaults:5 | Reached skill level 23 in Shields
 36457 | Vaults:5 | Reached XP level 22. HP: 235/235 MP: 15/15
 36511 | Vaults:5 | Noticed an ancient lich
 36533 | Vaults:5 | Killed an ancient lich
 36724 | Vaults:5 | Noticed Margery
 36739 | Vaults:5 | Killed Margery
 37118 | Vaults:5 | Got a silver rune of Zot
 37218 | Vaults:5 | Reached skill level 24 in Shields
 37518 | Vaults:5 | Found Tisosast's Antique Armour Boutique.
 37527 | Vaults:5 | Found Ezehytak's Antique Armour Shoppe.
 37531 | Vaults:5 | Bought a slimy helmet for 294 gold pieces
 37531 | Vaults:5 | Identified the +0 helmet of Failure {*Drain Int+6 Dex+4}
                  | (You bought it in a shop on level 5 of the Vaults)
 37540 | Vaults:5 | Bought a shiny plate armour for 702 gold pieces
 37653 | Vaults:5 | Reached XP level 23. HP: 246/246 MP: 16/16
 37803 | Vaults:5 | Found Weucu's Magic Scroll Shoppe.
 37811 | Vaults:5 | Bought a scroll of identify for 34 gold pieces
 37811 | Vaults:5 | Bought a scroll of amnesia for 59 gold pieces
 37813 | Vaults:5 | Bought a scroll of blinking for 127 gold pieces
 37822 | Vaults:5 | Found Onargh's Magic Scroll Shoppe.
 37826 | Vaults:5 | Bought a scroll of enchant weapon for 142 gold pieces
 37826 | Vaults:5 | Bought a scroll of enchant weapon for 142 gold pieces
 38287 | D:15     | Found a staircase to the Depths.
 38307 | Depths:1 | Entered Level 1 of the Depths
 38456 | Depths:2 | Paralysed by a floating eye for 2 turns
 38467 | Depths:2 | Paralysed by a floating eye for 4 turns
 39329 | Depths:3 | Found a gateway to Hell.
 39361 | Depths:3 | Reached skill level 25 in Shields
 39453 | Depths:3 | Found a one-way gate leading to the halls of Pandemonium.
 39925 | Depths:4 | Reached skill level 10 in Maces & Flails
 40139 | Depths:4 | Reached XP level 24. HP: 259/259 MP: 14/14
 40142 | Depths:4 | Found a gateway to a ziggurat.
 40229 | Depths:4 | Noticed a juggernaut
 40244 | Depths:4 | Killed a juggernaut
 40441 | Depths:5 | Entered Level 5 of the Depths
 40445 | Depths:5 | Found a runed translucent gate.
 40445 | Depths:5 | Found a runed translucent gate.
 40445 | Depths:5 | Found a runed translucent gate.
 40445 | Depths:5 | Noticed Juimaw's ghost (adept FoFi)
 40453 | Depths:5 | Killed Juimaw's ghost
 40689 | Depths:5 | Found a gate to the Realm of Zot.
 40780 | Zot:1    | Entered Level 1 of the Realm of Zot
 42630 | Zot:3    | Reached XP level 25. HP: 270/270 MP: 8/8
 43063 | Zot:4    | Found a huge runed gate.
 43063 | Zot:4    | Found a huge runed gate.
 43063 | Zot:4    | Found a huge runed gate.
 43063 | Zot:4    | Found a huge runed gate.
 43063 | Zot:4    | Found a huge runed gate.
 43063 | Zot:4    | Found a huge runed gate.
 43063 | Zot:4    | Found a huge runed gate.
 43063 | Zot:4    | Found a huge runed gate.
 43063 | Zot:4    | Found a huge runed gate.
 43063 | Zot:4    | Found a huge runed gate.
 43067 | Zot:4    | Found a huge runed gate.
 43119 | Zot:4    | Noticed a Killer Klown
 43150 | Zot:3    | Killed a Killer Klown
 43156 | Zot:3    | Reached skill level 15 in Armour
 43296 | Zot:4    | Found a huge runed gate.
 43297 | Zot:4    | Found a huge runed gate.
 43297 | Zot:4    | Found a huge runed gate.
 43305 | Zot:4    | Found a huge runed gate.
 43305 | Zot:4    | Found a huge runed gate.
 43305 | Zot:4    | Found a huge runed gate.
 43307 | Zot:4    | Found a huge runed gate.
 43313 | Zot:4    | Found a huge runed gate.
 43313 | Zot:4    | Found a huge runed gate.
 43313 | Zot:4    | Found a huge runed gate.
 43313 | Zot:4    | Found a huge runed gate.
 43313 | Zot:4    | Found a huge runed gate.
 43313 | Zot:4    | Found a huge runed gate.
 43313 | Zot:4    | Found a huge runed gate.
 43319 | Zot:4    | Found a huge runed gate.
 43367 | Zot:4    | Found a huge runed gate.
 43524 | Zot:4    | Found a huge runed gate.
 43529 | Zot:4    | Found a huge runed gate.
 43530 | Zot:4    | Found a huge runed gate.
 43530 | Zot:4    | Found a huge runed gate.
 43531 | Zot:4    | Found a huge runed gate.
 43531 | Zot:4    | Found a huge runed gate.
 43532 | Zot:4    | Found a huge runed gate.
 43646 | Zot:4    | Noticed a Killer Klown
 43646 | Zot:4    | Noticed a Killer Klown
 43646 | Zot:4    | Noticed a Killer Klown
 43646 | Zot:4    | Noticed a Killer Klown
 43658 | Zot:4    | Killed a Killer Klown
 43660 | Zot:4    | Killed a Killer Klown
 43796 | Zot:4    | Killed a Killer Klown
 43865 | Zot:4    | Killed a Killer Klown
 43868 | Zot:5    | Entered Level 5 of the Realm of Zot
 44023 | Zot:5    | Noticed a Killer Klown
 44041 | Zot:5    | Killed a Killer Klown
 44137 | Zot:5    | Noticed an ancient lich
 44152 | Zot:5    | Killed an ancient lich
 44185 | Zot:5    | Noticed an orb of fire
 44200 | Zot:5    | Killed an orb of fire
 44204 | Zot:5    | Reached XP level 26. HP: 276/286 MP: 3/3
 44245 | Zot:5    | Noticed an orb of fire
 44245 | Zot:5    | Noticed an orb of fire
 44256 | Zot:5    | Lost mutation: Your mind is acute. (Int +2) [an orb of
                  | fire]
 44260 | Zot:5    | Killed an orb of fire
 44265 | Zot:5    | Gained mutation: Your spells are a little easier to cast,
                  | but a little less powerful. [an orb of fire]
 44271 | Zot:5    | Killed an orb of fire
 44284 | Zot:5    | Noticed an orb of fire
 44288 | Zot:5    | Gained mutation: You are occasionally teleported next to
                  | monsters. [an orb of fire]
 44291 | Zot:5    | Gained mutation: You have very sharp teeth. [an orb of
                  | fire]
 44301 | Zot:5    | Killed an orb of fire
 44576 | Zot:5    | Got the Orb of Zot
 44733 | Zot:1    | Noticed a seraph
 45297 | D:3      | Noticed Waulu the pandemonium lord
 45317 | D:3      | Killed Waulu the pandemonium lord
 45414 | D:$      | Escaped with the Orb!

Levels and vault maps discovered:
D:1:      lightli_arrival_lavapool, layout_basic
D:2:      layout_basic, tso_altar, grunt_ministairs_6, minmay_goblin_outpost,
          uniq_natasha
D:3:      cheibrodos_pilgrimage, layout_loops_cross, led_sif_pool,
          lemuel_coloured_pillars_altar, dancing_weapons_uskayaw, first_ration,
          grunt_ministairs_14
D:4:      layout_basic, cheibriados_altar_1, grunt_temple_overflow_open,
          minmay_temple_entry_glassed_door, kennysheep_generic_room_4
D:5:      mumra_celtic_spiral_tile, layout_basic, basic_altar,
          chei_slow_surprise
D:6:      minmay_flawed_box, layout_basic, marbit_many_paths,
          overflow_temple_1_default
D:7:      layout_cave_pools, grunt_ogre_cave
D:8:      minmay_the_grid_four_pointed_star
          [minmay_the_grid_triangle_9x9_checkered,
          minmay_the_grid_triangle_9x9_negative_grid,
          minmay_the_grid_triangle_9x9_from_above,
          minmay_the_grid_triangle_9x9_impossible_snake,
          minmay_the_grid_prize_inner_circle], layout_loops_corners,
          corner_web_ring, roderic_serpentine_path,
          minmay_guarded_unrand_finisher, uniq_grum, uniq_pikel
D:9:      layout_grid_maze, old_standard_altar, lemuel_crystal_altar
D:10:     gammafunk_the_bubble [the_bubble_gammafunk_crates], layout_rooms,
          erik_lair_dragon, minmay_orc_entry_guard_dogs,
          gammafunk_ghost_nasty_kobolds
D:11:     layout_roguey, dk_noncrumbling_2
D:12:     layout_stronghold, nicolae_evil_shop
D:13:     layout_cave_pods, skrybe_vaults_entry_preservation
D:14:     layout_rooms, serial_shops, nicolae_shop_overgrown_old_shop
D:15:     gammafunk_enter_depths_forms, layout_basic, corexii_leaking_fountain,
          special_room [special_room_bee], drop_trap
Temple:   compressed_dpeg_triangle_lava_temple
Lair:1:   layout_roguey, infiniplex_staircase_pool, lemuel_fruit_fields,
          grunt_megastairs_4
Lair:2:   beast_lair_carwin_large_2, layout_cave_pods, st_stairs_8
Lair:3:   layout_gridlike, basic_altar, uniq_gastronok, uniq_rupert,
          uniq_nergalle
Lair:4:   cheibrodos_lair_overgrown_chateau, layout_loops_ring,
          nicolae_swamp_entry_splash_gauntlet, nicolae_spider_entry_orb_guardian
Lair:5:   layout_gridlike
Lair:6:   cheibrodos_lair_end_hotspot, layout_loops_ring, slime_altar_1,
          chequers_serial_rivers_room_b
Swamp:1:  layout_falls_marsh, basic_altar, swamp_pool5, uniq_aizul
Swamp:2:  layout_basic_swamp, nicolae_swamp_fairy_circle, swamp_pool3
Swamp:3:  layout_falls_marsh, evilmike_swamp_ruin_house_3, uniq_roxanne,
          uniq_kirke, uniq_louise
Swamp:4:  swamp, layout_basic_swamp
Spider:1: layout_chambers, nicolae_spider_circle_web
Spider:2: layout_spider_delve
Spider:3: layout_spider_delve
Spider:4: grunt_spider_rune_island
Orc:1:    layout_diamond_mine
Orc:2:    grunt_orc_cross, layout_diamond_mine
Elf:1:    eino_elf_arrival_sip, layout_geoelf_grid, serial_shops,
          nicolae_shop_trees, nicolae_shop_trees, nicolae_shop_window_shopping,
          shop, shop, minmay_elf_crystal_heptagon
Elf:2:    layout_loops_cross, serial_shops, shop, enter_trove_5,
          portal_desolation_entry_salt
Elf:3:    grunt_elf_hall_asides, layout_geoelf_octagon, serial_shops,
          nicolae_shop_trees, grunt_ministairs_6
Vaults:1: vaults_room_large_hall, v_alt_pattern_1, v_alt_pattern_5, v_misc_13,
          v_misc_2, v_misc_3, vaults_mumra_hex, v_misc_2,
          ontoclasm_vaults_gateway, vaults_room_stairs_pillars,
          layout_vaults_omnicross, serial_shops, shop_statue
Vaults:2: nicolae_vaults_hallways_thing, hangedman_vaults_maws,
          vaults_room_corners, vaults_room_door_hall,
          vaults_standard_mumra_enter_the_diamond, layout_vaults_quadrants,
          uniq_xtahua, uniq_jory
Vaults:3: v_alt_pattern_2, hangedman_vaults_capsules, vaults_room_octagon,
          nicolae_vaults_specimen_jars, minmay_crypt_entry_nasty_monster,
          v_rooms_6, nicolae_vaults_twisting_passages, nicolae_vaults_big_ls,
          nicolae_vaults_puzzle_piece, vaults_mumra_chevron,
          nicolae_vaults_rhombus_6, nicolae_vaults_asterisk,
          layout_vaults_omnibox
Vaults:4: v_pattern_2, vaults_standard_mumra_lines, v_misc_30,
          nicolae_vaults_three_branches, ontoclasm_vaults_pinch,
          vaults_room_pool, vaults_standard_mumra_enter_the_diamond,
          vaults_room_pools, v_misc_8, nicolae_vaults_sealed_display,
          nicolae_vaults_little_ls, layout_vaults_ring
Vaults:5: uniq_margery
Depths:1: layout_roguey, kennysheep_big_empty_room, hellmouth_1,
          serial_sigils_hangedman_snap, lightli_fourway_metalbox
Depths:2: minmay_angry_zag, layout_cave_pools, hell_entry,
          hangedman_decor_slide_cut, abyss_entry_small_statue_room,
          nicolae_lava_and_water, infiniplex_staircase_zigzag_5
Depths:3: hangedman_elemental_death_ray, layout_gridville,
          grunt_pan_entry_in_and_out, hangedman_geh_valley, serial_bayou_pond_b,
          minmay_fractal_squares_diagonal_5, minmay_staircase_statues_hall_small
Depths:4: hangedman_arch_fort, layout_gridville, enter_ziggurat_a, abyss_entry,
          chequers_serial_rivers_marsh, hell_entry,
          nemelex_diamond_rough_becter, uniq_enchantress
Depths:5: grunt_zot_entry_bicorn, layout_cave_pools, hangedman_coc_ice_floe,
          ebering_ghost_rock_garden, hangedman_abyss_or_decor_slice,
          small_chamber_with_monster, uniq_boris
Zot:1:    layout_concentric_octagons
Zot:2:    layout_gridlike
Zot:3:    layout_gridlike, grunt_megastairs_2
Zot:4:    layout_onion_interference, door_vault
Zot:5:    layout_misc_corridors

Skill      XL: |  1  2  3  4  5  6  7  8  9 10 11 12 13 14 15 16 17 18 19 20 21 22 23 24 25 26 |
---------------+-------------------------------------------------------------------------------+-----
Fighting       | 3 4 5 6 7 8 9 10 11 12 13 14 16 18 19 20 21 23 24 | 24.5
Axes           | 3 4 5 7 9 11 12 13 15 16 17 18 19 | 19.8
Shields        | 4 5 6 7 9 11 12 13 15 16 17 18 20 21 23 24 25 | 25.0
Dodging        | 1 2 3 4 5 6 8 9 10 11 12 13 | 13.9
Armour         | 4 5 6 7 8 9 10 11 12 13 14 16 17 | 17.0
Stealth        | 1 2 3 4 5 6 |  6.6
Invocations    | 1 6 7 8 9 12 13 14 | 14.4
Maces & Flails | 3 5 11 14 | 14.9
Evocations     | 2 |  2.5

Action                   |  1- 3 |  4- 6 |  7- 9 | 10-12 | 13-15 | 16-18 | 19-21 | 22-24 | 25-27 || total
-------------------------+-------+-------+-------+-------+-------+-------+-------+-------+-------++-------
Melee: War axe           |   109 |   235 |   453 |   704 |       |       |       |       |       ||  1501
       Broad axe         |       |       |       |   319 |  1215 |  1415 |  1519 |   569 |   587 ||  5624
       Flail             |       |       |       |       |    94 |       |   183 |       |       ||   277
       Morningstar       |       |       |       |       |       |       |       |  1311 |       ||  1311
       Bite              |       |       |       |       |       |       |       |       |    48 ||    48
Invok: Lesser Servant of |       |       |       |     1 |     5 |     7 |     1 |       |     5 ||    19
       Minor Destruction |       |       |       |       |     4 |     1 |       |       |     1 ||     6
       Major Destruction |       |       |       |       |     2 |     9 |     1 |       |       ||    12
       Greater Servant o |       |       |       |       |     1 |     6 |     3 |     2 |     1 ||    13
 Abil: Heal Wounds       |     1 |     5 |     6 |    14 |     7 |    29 |     3 |    20 |    19 ||   104
       Evoke Berserk Rag |       |       |       |       |       |     3 |       |       |       ||     3
Evoke: Wand              |       |       |       |       |       |     1 |       |       |       ||     1
  Use: Scroll            |       |     5 |     1 |     4 |    29 |    12 |    11 |    11 |     6 ||    79
       Potion            |       |       |       |     7 |     6 |    11 |     5 |       |    13 ||    42
 Stab: Sleeping          |       |       |       |       |     5 |       |     2 |       |       ||     7
       Distracted        |       |       |       |       |     1 |     7 |       |       |     2 ||    10
       Confused          |       |       |       |       |       |       |     2 |     3 |       ||     5
  Eat: Chunk             |       |     6 |    12 |    13 |    13 |     9 |    17 |    16 |     1 ||    87
       Ration            |       |       |       |     2 |     7 |     5 |     3 |     2 |     3 ||    22
Armor: Scale mail        |    66 |   101 |   112 |       |       |       |       |       |       ||   279
       Ring mail         |       |       |    27 |   204 |   549 |    81 |       |       |       ||   861
       Plate armour      |       |       |       |   101 |       |   272 |   184 |   458 |   156 ||  1171
       Fire dragon scale |       |       |       |       |       |       |   113 |    56 |       ||   169
Dodge: Dodged            |    35 |    75 |   130 |   397 |   580 |   378 |   524 |  1014 |   203 ||  3336
Block: Shield            |    59 |   150 |   220 |   605 |    13 |       |       |       |       ||  1047
       Large shield      |       |       |       |       |  1434 |  1302 |  2133 |  3053 |   735 ||  8657
       Reflection        |       |       |       |       |       |       |    80 |   128 |    44 ||   252
